 Dungeon Crawl Stone Soup version 0.29-a0-298-g3c90f9a769 (webtiles) character file.

Game seed: 9509985286346789797

1880 Bnni the Covert (level 8, 0/43 HPs)
             Began as a Spriggan Brigand on June 21, 2021.
             Killed from afar by a white imp (11 damage)
             ... with a puff of frost
             ... on level 5 of the Dungeon on Mar 23, 2022.
             The game lasted 00:32:07 (8117 turns).

Bnni the Covert (Spriggan Brigand)                  Turns: 8117, Time: 00:32:07

Health: 0/43       AC:  4    Str:  8    XL:     8   Next: 91%
Magic:  9/9        EV: 16    Int: 12    God:
Gold:   203        SH:  0    Dex: 18    Spells: 7/7 levels left

rFire   . . .      SeeInvis +   t - +0 short sword (venom)
rCold   . . .      Faith    .   (no shield)
rNeg    . . .      Spirit   .   b - +1 robe
rPois   .          Reflect  .   (helmet restricted)
rElec   .          Harm     .   c - +0 cloak
rCorr   .          Rampage  .   (gloves unavailable)
Will    +....                   (boots unavailable)
Stlth   +++++.....              (no amulet)
HPRegen 0.14/turn               (no ring)
MPRegen 0.11/turn               (no ring)

@: very quick
A: very small, no large weapons, unfitting armour, see invisible, speed 3
a: no special abilities


You were on level 5 of the Dungeon.
You visited 2 branches of the dungeon, and saw 6 of its levels.

You collected 203 gold pieces.

Inventory:

Hand Weapons
 f - a +0 rapier
 q - a +3 dagger of speed
 t - a +0 short sword of venom (weapon)
Missiles
 d - 52 poisoned darts (quivered)
 e - 2 curare-tipped darts
Armour
 b - a +1 robe (worn)
 c - a +0 cloak (worn)
Jewellery
 v - an amulet of guardian spirit
Wands
 i - a wand of paralysis (13)
 m - a wand of flame (17)
 r - a wand of acid (9)
Scrolls
 l - a scroll of enchant armour
 p - a scroll of teleportation
 s - a scroll of fear
 w - a scroll of enchant weapon
 x - a scroll of amnesia {unknown}
Potions
 a - a potion of attraction {unknown}
 g - 2 potions of ambrosia {unknown}
 h - 2 potions of experience {unknown}
 j - 3 potions of curing
 k - 2 potions of berserk rage
 n - 2 potions of flight {unknown}
 o - a potion of haste {unknown}
 u - a potion of cancellation {unknown}


   Skills:
 + Level 5.1 Fighting
 * Level 9.2 Short Blades
 - Level 2.0 Throwing
 - Level 1.3 Dodging
 + Level 10.7 Stealth


You had 7 spell levels left.
You didn't know any spells.
Your spell library contained the following spells:

 Spells                   Type           Power      Damage    Failure   Level
 Magic Dart               Conj           0%         1d3       32%         1
 Slow                     Hex            0%         N/A       32%         1
 Blink                    Tloc           0%         N/A       45%         2
 Call Imp                 Summ           0%         N/A       45%         2
 Conjure Flame            Conj/Fire      0%         6-21      69%         3
 Mephitic Cloud           Conj/Pois/Air  0%         N/A       69%         3


Dungeon Overview and Level Annotations

Branches:
Dungeon (5/15)             Temple (1/1) D:4

Altars:
Ashenzari
Cheibriados
Dithmenos
Elyvilon
Gozag
Kikubaaqudgha
Makhleb
Nemelex Xobeh
Okawaru
Qazlal
Ru
Trog
Uskayaw
Vehumet
Wu Jian
Xom
Zin
The Shining One

Shops:
D:4 !


Innate Abilities, Weirdness & Mutations

You are very small and have problems with some larger weapons.
You are too small for most types of armour.
You have supernaturally acute eyesight. (SInv)
You cover ground extremely quickly. (Speed+++)


Message History

You kill the ufetubus!
The white imp gestures at you. The puff of frost hits you!
You hit the white imp but do no damage.
The white imp is poisoned.
The white imp gestures at you. The puff of frost hits you.
You closely miss the white imp.
The white imp is lightly wounded.
You barely miss the white imp.
The white imp is lightly wounded.
The white imp completely misses you.
You barely miss the white imp.
The white imp is lightly wounded.
The white imp hits you. The white imp freezes you.
You barely miss the white imp.
You punch the white imp, but do no damage.
The white imp is lightly wounded.
You hit the white imp but do no damage.
The white imp is moderately wounded.
The white imp barely misses you.
You hit the white imp.
The white imp looks even sicker.
The white imp is heavily wounded.
The white imp hits you. The white imp freezes you.
You are too injured to fight recklessly!
You are too injured to fight recklessly!
You are too injured to fight recklessly!
You completely miss the white imp.
The white imp is heavily wounded.
You barely miss the white imp.
The white imp is heavily wounded.
The white imp gestures at you. The puff of frost hits you!
* * * LOW HITPOINT WARNING * * *
You hit the white imp.
The white imp is severely wounded.
You barely miss the white imp.
The white imp is severely wounded.
The white imp gestures at you. The puff of frost hits you!
You die...

.#.......# ##.#.##.##.##..###
....####.# ##..##..........
.#.#####.#######.##..........
##.##...............##.##.###
#.##.##.#######.......##.#
#.......# ######...#.#
####.###### ######.#.#..####
#......####./............
#.####.#...5@..#.#.#(.##
#.####.#.......##...#.#
#....#.#.......###.##.# #
#.##.#.#.......# #.##.##.#
#.##.#.#!......# #.......#
#......#.......# ###..####
####.###.......# #.##
#..########## #.# ##.# #.#


You could see a white imp (very poisoned).

Vanquished Creatures
  The ghost of Zigma the Summoner, a novice OpSu (D:5)
  Grinder (D:5)
  Sigmund (D:3)
  Duvessa (D:5)
  A black bear (D:5)
  3 ogres
  A necrophage (D:5)
  2 scorpions
  Dowan (D:5)
  2 howler monkeys (D:5)
  A jelly (D:4)
  A hound (D:5)
  An orc priest (D:3)
  Terence (D:3)
  An orc wizard (D:3)
  An iguana (D:4)
  Robin (D:3)
  13 gnolls (D:4)
  7 adders
  A white imp (D:3)
  An ufetubus (D:5)
  2 dart slugs
  13 orcs
  10 ball pythons
  3 endoplasms
  35 goblins
  34 hobgoblins
  4 jackals (D:1)
  3 quokkas
  6 bats
  8 frilled lizards
  12 kobolds
  5 rats
178 creatures vanquished.

Notes
Turn   | Place    | Note
-------+----------+-------------------------------------------
     0 | D:1      | Bnni the Spriggan Brigand began the quest for the Orb.
     0 | D:1      | Reached XP level 1. HP: 10/10 MP: 2/2
   179 | D:1      | Reached skill level 6 in Stealth
   187 | D:1      | Reached XP level 2. HP: 5/15 MP: 3/3
   950 | D:1      | Found a faded altar of an unknown god.
  1030 | D:1      | Reached XP level 3. HP: 15/18 MP: 4/4
  2011 | D:2      | Reached XP level 4. HP: 23/23 MP: 5/5
  2271 | D:3      | Noticed Sigmund
  2392 | D:3      | Killed Sigmund
  2393 | D:3      | Reached skill level 7 in Stealth
  2393 | D:3      | Reached XP level 5. HP: 27/27 MP: 6/6
  2409 | D:3      | Reached skill level 5 in Short Blades
  2409 | D:3      | Reached XP level 6. HP: 32/32 MP: 7/7
  2596 | D:3      | Noticed Terence
  2604 | D:3      | Killed Terence
  2688 | D:3      | Noticed Robin
  2732 | D:3      | Killed Robin
  3735 | D:4      | Found Goblo's Distillery.
  3801 | D:4      | Found a staircase to the Ecumenical Temple.
  3867 | D:3      | Reached skill level 8 in Stealth
  4099 | Temple   | Entered the Ecumenical Temple
  4533 | D:4      | Reached XP level 7. HP: 21/36 MP: 8/8
  4775 | D:3      | Upgraded the game from 0.27-a0-1321-gd358eaa319 to
                  | 0.28-a0-69-g49dcd67cf8
  4775 | D:3      | Upgraded the game from 0.28-a0-69-g49dcd67cf8 to
                  | 0.29-a0-298-g3c90f9a769
  7083 | D:4      | Found a shimmering altar of Xom.
  7083 | D:4      | Found a glowing golden altar of the Shining One.
  7084 | D:4      | Found a sacrificial altar of Ru.
  7086 | D:4      | Found a glowing silver altar of Zin.
  7255 | D:5      | Entered Level 5 of the Dungeon
  7260 | D:5      | Reached skill level 9 in Stealth
  7302 | D:5      | Noticed Duvessa
  7304 | D:5      | Noticed Dowan
  7352 | D:5      | Killed Duvessa
  7353 | D:5      | Reached XP level 8. HP: 16/42 MP: 9/9
  7559 | D:5      | Found a runed translucent door.
  7559 | D:5      | Noticed Zigma's ghost (novice OpSu)
  7625 | D:5      | Noticed Grinder
  7640 | D:5      | Killed Dowan
  7642 | D:5      | Killed Grinder
  7762 | D:5      | Killed Zigma's ghost
  7763 | D:5      | Reached skill level 10 in Stealth
  7927 | D:5      | Reached skill level 5 in Fighting
  8117 | D:5      | Killed from afar by a white imp

Illustrated notes

Levels and vault maps discovered:
D:1:      lightli_arrival_lavapool, layout_basic,
          chequers_ecumenical_altar_simple_redux, minmay_splitting_lines
D:2:      layout_loops_cross, serial_bayou, serial_bayou_shore_a,
          serial_bayou_crossing, serial_bayou_shore_b, serial_bayou_ford_a,
          serial_bayou_shore_b
D:3:      layout_basic, uniq_sigmund, uniq_terence, uniq_robin
D:4:      minmay_goblin_kobold_castle, layout_rooms, minitemple,
          minmay_temple_entry_offerings, serial_shops, shop_fountains
D:5:      layout_loops_cross, gammafunk_ghost_grave, nicolae_stop_n_shop_2,
          uniq_duvessa, uniq_grinder
Temple:   dpeg_five_rooms_temple

Skill      XL: |  1  2  3  4  5  6  7  8 |
---------------+-------------------------+-----
Stealth        | 6 7 8 9 10 | 10.7
Short Blades   | 3 4 5 6 7 9 |  9.2
Fighting       | 2 3 4 5 |  5.1
Throwing       | |  2.0
Dodging        | |  1.3

Action                   |  1- 3 |  4- 6 |  7- 9 || total
-------------------------+-------+-------+-------++-------
Melee: Dagger            |   144 |   139 |    75 ||   358
       Short sword       |       |       |   214 ||   214
       Punch             |       |       |     6 ||     6
Throw: Dart              |       |    32 |    23 ||    55
Evoke: Wand              |       |     1 |     2 ||     3
  Use: Scroll            |     3 |     1 |     3 ||     7
       Potion            |       |     1 |       ||     1
 Stab: Sleeping          |    10 |    13 |     6 ||    29
       Invisible         |       |     5 |       ||     5
       Paralysed         |       |     1 |     1 ||     2
       Distracted        |       |       |     4 ||     4
Armor: Robe              |    16 |    15 |    36 ||    67
Dodge: Dodged            |   100 |    66 |   127 ||   293

Table legend: (Time is in decaauts)
 A = Elapsed time spent in this place.
 B = Non-inter-level travel time spent in this place.
 C = Inter-level travel time spent in this place.
 D = Time resting spent in this place.
 E = Time spent auto-exploring this place.
 F = Levels seen in this place.
 G = Mean time per level.
                   A        B        C        D        E       F      G
               +--------+--------+--------+--------+--------+-----+--------+
         Total |   6423 |   6278 |    145 |   2221 |   2763 |   6 | 1070.5 |
       Dungeon |   6302 |   6202 |    100 |   2221 |   2692 |   5 | 1260.4 |
        Temple |    121 |     76 |     45 |      0 |     71 |   1 |  121.0 |
               +--------+--------+--------+--------+--------+-----+--------+

Top non-repeatable levels by time:
     D:4: 2374 daAuts
     D:1: 1354 daAuts
     D:3: 1220 daAuts
     D:2: 899 daAuts
     D:5: 453 daAuts
  Temple: 121 daAuts
